 Dungeon Crawl Stone Soup version 0.32-a0-928-g1cae6b7ea0 (webtiles) character file.

Game seed: 2621636162432285526

1770 Alarak the Cleaver (level 9, -3/63 HPs)
             Began as a Coglin Fighter on Apr 12, 2024.
             Was a Follower of Makhleb.
             Succumbed to a killer bee's poison
             ... on level 8 of the Dungeon.
             The game lasted 00:13:09 (6125 turns).

Alarak the Cleaver (Coglin Fighter)                 Turns: 6125, Time: 00:13:10

Health: -3/63      AC: 18    Str: 17 (19) XL:     9   Next: 7%
Magic:  9/9        EV:  4    Int:  4 (7)  God:    Makhleb [*.....]
Gold:   322        SH:  0    Dex: 17 (18) Spells: 8/8 levels left

rFire   . . .        a - +0 war axe {Miranda}
rCold   . . .        j - +1 whip (vamp) {Minjee}
rNeg    . . .        A - +0 plate armour
rPois   .            z - +0 helmet
rElec   .            y - +0 cloak
rCorr   .            i - +1 pair of gloves
SInv    .            m - +1 pair of boots
Will    .....        (amulet unavailable) Stlth
                     (ring unavailable)
HPRegen 0.30/turn    (ring unavailable)
MPRegen 0.11/turn    (no gizmo)

%: no passive effects
@: lethally poisoned (-3 -> -24), revved
A: off-hand wielding, slow wielding, warmup strikes, no jewellery, agile 1,
shaggy fur 1
a: Invent Gizmo, Renounce Religion


You were on level 8 of the Dungeon.
You worshipped Makhleb.
Makhleb was aware of your devotion.
You visited 2 branches of the dungeon, and saw 9 of its levels.

You collected 322 gold pieces.

Inventory:

Hand Weapons
 a - a +0 war axe (weapon) {Miranda}
 j - a +1 vampiric whip (offhand) {Minjee}
 n - a +0 hand axe of pain {Esteban}
 u - a +0 war axe
Armour
 i - a +1 pair of gloves (worn)
 m - a +1 pair of boots (worn)
 r - a +1 chain mail of fire resistance
 y - a +0 cloak (worn)
 z - a +0 helmet (worn)
 A - a +0 plate armour (worn)
Wands
 b - a wand of mindburst (17)
 x - a wand of digging (7)
Scrolls
 g - a scroll of poison {unknown}
 h - 3 scrolls of revelation
 k - 2 scrolls of amnesia
 s - a scroll of teleportation
 t - a scroll of immolation
 w - a scroll of enchant armour
Potions
 c - a potion of invisibility {unknown}
 d - a potion of cancellation {unknown}
 e - a potion of brilliance
 f - 3 potions of enlightenment
 l - a potion of magic
 o - a potion of degeneration
 p - a potion of lignification {unknown}


   Skills:
 - Level 3.0 Fighting
 + Level 11.5 Axes
 - Level 2.6 Armour
 - Level 2.1 Shields


You had 8 spell levels left.
You didn't know any spells.
Your spell library contained the following spells:

 Spells                   Type           Power      Damage    Failure   Level
 Ensorcelled Hibernation  Hex/Ice        0%         N/A       100%        2
 Mercury Vapours          Alch/Air       0%         N/A       100%        2
 Scorch                   Fire           0%         2d5       100%        2
 Mephitic Cloud           Conj/Alch/Air  0%         N/A       100%        3
 Passwall                 Erth           0%         N/A       100%        3
 Swiftness                Air            0%         N/A       100%        3
 Teleport Other           Tloc           0%         N/A       100%        3
 Flame Wave               Conj/Fire      0%         2d4       100%        4
 Freezing Cloud           Conj/Ice/Air   0%         6-21      100%        5
 Dispersal                Tloc           0%         N/A       100%        6
 Gell's Gavotte           Tloc           0%         2d(11-16) 100%        6
 Summon Cactus Giant      Summ           0%         N/A       100%        6


Dungeon Overview and Level Annotations

Branches:
Dungeon (8/15)             Temple (1/1) D:6
   Lair: D:8-11

Altars:
Ashenzari
Cheibriados
Dithmenos
Fedhas
Gozag
Hepliaklqana
Kikubaaqudgha
Makhleb
Nemelex Xobeh
Okawaru
Qazlal
Ru
Sif Muna
Trog
Uskayaw
Vehumet
Wu Jian
Xom
Yredelemnul
Zin
The Shining One

Shops:
D:2 !

Annotations:
D:4 2 transporters


Innate Abilities, Weirdness & Mutations

You can wield a second weapon in your off-hand.
It takes a long time for you to wield or remove held weapons.
Your first few attacks do less damage.
You cannot equip rings or amulets.
You are agile. (Dex +4, Str/Int -1)
You are covered in fur. (AC +1)


Message History

You hit the killer bee with your +0 war axe.
The killer bee is severely wounded.
You slash the killer bee with your +0 war axe!
You barely miss the killer bee with your +0 war axe.
You miss the killer bee with your +1 vampiric whip.
You feel sick.
The killer bee stings you but does no damage. x2
The killer bee stings you!
* * * LOW HITPOINT WARNING * * *
The killer bee stings you but does no damage. x2
The killer bee completely misses you.
Unknown command.
You barely miss the killer bee with your +1 vampiric whip.
The killer bee is severely wounded.
You miss the killer bee with your +0 war axe. x2
You hit the killer bee with your +0 war axe.
You feel sick. The killer bee stings you.
* * * LOW HITPOINT WARNING * * *
You are lethally poisoned!
The killer bee poisons you!
The killer bee stings you but does no damage. x2
You slash the killer bee with your +0 war axe!
You kill the killer bee!
Makhleb accepts your kill.
You miss the killer bee with your +0 war axe.
You barely miss the killer bee with your +0 war axe.
* * * LOW HITPOINT WARNING * * *
You feel very sick. The killer bee barely misses you.
The killer bee stings you.
* * * LOW HITPOINT WARNING * * *
You are more poisoned.
The killer bee poisons you! The killer bee barely misses you.
The killer bee stings you but does no damage.
Unknown command.
Okay, then.
You miss the killer bee with your +1 vampiric whip.
The killer bee is almost dead.
You miss the killer bee with your +0 war axe.
You hit the killer bee with your +0 war axe.
You die...

#.## ## . .$# ..,
.. #.# .# *#
#.####.# ### #
######..##.. ##..,
# #.....#.##.# ...
#.....#.##.# #.#
#....†#....###..#*
* #...y@####.....#
#[..y†####....## #
###...#....##.^## #
..........###..####
# .##.#...####
##....# # .. #.##..
####.### # * #. #.#
#..## ## #.# ##..)
##.)


You could see 2 killer bees.

Vanquished Creatures
  Eustachio (D:5)
  A black bear (D:4)
  A sky beast (D:8)
  An orc warrior (D:7)
  A kobold brigand (D:7)
  2 scorpions
  10 killer bees (D:8)
  2 bombardier beetles (D:3)
  2 jellies
  An orc priest (D:6)
  A hound (D:6)
  A gnoll bouda (D:7)
  A sleepcap (D:7)
  Ijyb (D:5)
  5 orc wizards
  9 adders
  12 gnolls
  2 white imps
  5 dart slugs
  16 orcs
  3 endoplasms (D:1)
  5 giant cockroaches
  9 goblins
  4 hobgoblins
  3 jackals (D:2)
  10 kobolds
  4 quokkas
  10 ball pythons
  7 bats
  2 frilled lizards
  6 rats (D:1)
138 creatures vanquished.

Notes
Turn   | Place    | Note
-------+----------+-------------------------------------------
     0 | D:1      | Alarak the Coglin Fighter began the quest for the Orb.
     0 | D:1      | Reached XP level 1. HP: 18/18 MP: 1/1
    50 | D:1      | Reached XP level 2. HP: 24/24 MP: 2/2
   110 | D:1      | Reached skill level 3 in Axes
   231 | D:1      | Reached XP level 3. HP: 29/29 MP: 3/3
   545 | D:2      | Reached skill level 4 in Axes
   547 | D:2      | Reached XP level 4. HP: 21/35 MP: 4/4
   742 | D:2      | Found Caotig's Distillery.
   837 | D:2      | Reached skill level 5 in Axes
   843 | D:2      | Reached XP level 5. HP: 41/41 MP: 5/5
  1540 | D:3      | Reached skill level 6 in Axes
  1546 | D:3      | Reached XP level 6. HP: 43/47 MP: 6/6
  2187 | D:4      | Reached skill level 7 in Axes
  2238 | D:4      | Found a transporter.
  2253 | D:4      | Noticed an ice beast
  2333 | D:4      | Noticed a black bear
  2353 | D:4      | Killed a black bear
  2354 | D:4      | Reached XP level 7. HP: 49/52 MP: 7/7
  2642 | D:4      | Found a transporter.
  2754 | D:5      | Entered Level 5 of the Dungeon
  2757 | D:5      | Noticed Ijyb
  2765 | D:5      | Killed Ijyb
  2902 | D:5      | Found a hide-covered altar of Uskayaw.
  3026 | D:5      | Noticed Eustachio
  3037 | D:5      | Killed Eustachio
  3038 | D:5      | Reached skill level 8 in Axes
  3394 | D:5      | Found a snail-covered altar of Cheibriados.
  3396 | D:5      | Found a stormy altar of Qazlal.
  4065 | D:6      | Found a hazy altar of Hepliaklqana.
  4077 | D:6      | Found a blossoming altar of Fedhas.
  4249 | D:6      | Found a staircase to the Ecumenical Temple.
  4423 | Temple   | Entered the Ecumenical Temple
  4492 | Temple   | Became a worshipper of Makhleb the Destroyer
  4581 | D:6      | Reached skill level 9 in Axes
  4581 | D:6      | Reached XP level 8. HP: 47/58 MP: 8/8
  5634 | D:7      | Reached skill level 10 in Axes
  5700 | D:8      | Reached * piety under Makhleb
  6035 | D:8      | Reached skill level 11 in Axes
  6105 | D:8      | Reached XP level 9. HP: 20/63 MP: 9/9
  6109 | D:8      | Gained mutation: You passively map a small area around you.
                  | [potion of mutation]
  6109 | D:8      | Gained mutation: You are weak. (Str -2) [potion of
                  | mutation]
  6109 | D:8      | Gained mutation: You are somewhat resistant to further
                  | mutation. [potion of mutation]
  6120 | D:8      | Lost mutation: You are weak. (Str -2) [potion of mutation]
  6120 | D:8      | Lost mutation: You passively map a small area around you.
                  | [potion of mutation]
  6120 | D:8      | Gained mutation: You occasionally lose the ability to drink
                  | potions when taking damage. [potion of mutation]
  6121 | D:8      | Lost mutation: You occasionally lose the ability to drink
                  | potions when taking damage. [potion of mutation]
  6121 | D:8      | Lost mutation: You are somewhat resistant to further
                  | mutation. [potion of mutation]
  6121 | D:8      | Gained mutation: You are frail. (-10% HP) [potion of
                  | mutation]
  6121 | D:8      | Lost mutation: You are frail. (-10% HP) [potion of
                  | mutation]
  6121 | D:8      | Gained mutation: You are covered in fur. (AC +1) [potion of
                  | mutation]
  6121 | D:8      | Gained mutation: You are agile. (Dex +4, Str/Int -1)
                  | [potion of mutation]
  6124 | D:8      | HP: 1/63 [killer bee (5)]
  6125 | D:8      | Succumbed to a killer bee's poison

Illustrated notes

Levels and vault maps discovered:
D:1:      saegor_arrival_simple_a, layout_rooms, minmay_tromino_mix6
D:2:      layout_loops_cross, serial_shops, shop, kennysheep_crisscross
D:3:      layout_loops_ring, minmay_misc_feat_pillars,
          nicolae_kite_square_tiling_tiny, reono_crystal_passage,
          kennysheep_generic_room_6
D:4:      gammafunk_cloud_chamber, layout_rooms
D:5:      layout_basic, mainiacjoe_overflow_chevrons,
          mainiacjoe_overflow_catwalk_spiral, uniq_ijyb, uniq_eustachio
D:6:      layout_layer_cave, amethyst_overflow_temple_binary,
          minmay_temple_entry_waves, kennysheep_generic_room_10
D:7:      layout_basic, uniq_duvessa, uniq_jeremiah, uniq_pikel
D:8:      layout_rooms, serial_shops, nicolae_shop_back_alley_shop, minivault_27
Temple:   minmay_temple_bridge_d

Skill      XL: |  1  2  3  4  5  6  7  8 |
---------------+-------------------------+-----
Axes           | 3 4 5 6 7 9 11 | 11.5
Fighting       | |  3.0
Armour         | |  2.6
Shields        | |  2.1

Action                     |  1- 3 |  4- 6 |  7- 9 || total
---------------------------+-------+-------+-------++-------
  Melee: War axe           |    55 |   146 |   143 ||   344
         Club              |    19 |    12 |       ||    31
         Whip              |       |    60 |   108 ||   168
         Hand axe          |       |    73 |    22 ||    95
    Use: Scroll            |     3 |     3 |     2 ||     8
         Potion            |       |       |    14 ||    14
 Armour: Scale mail        |    39 |   127 |     4 ||   170
         Chain mail        |       |       |    31 ||    31
         Plate armour      |       |       |   253 ||   253
  Dodge: Dodged            |    21 |    72 |    65 ||   158
  Block: Buckler           |     4 |       |       ||     4

Table legend: (Time is in decaauts)
 A = Elapsed time spent in this place.
 B = Non-inter-level travel time spent in this place.
 C = Inter-level travel time spent in this place.
 D = Time resting spent in this place.
 E = Time spent auto-exploring this place.
 F = Levels seen in this place.
 G = Mean time per level.
                   A        B        C        D        E       F      G
               +--------+--------+--------+--------+--------+-----+--------+
         Total |   6149 |   5696 |    453 |    632 |   4149 |   9 |  683.2 |
       Dungeon |   6010 |   5694 |    316 |    632 |   4149 |   8 |  751.2 |
        Temple |    138 |      1 |    137 |      0 |      0 |   1 |  138.0 |
               +--------+--------+--------+--------+--------+-----+--------+

Top non-repeatable levels by time:
     D:6: 1236 daAuts
     D:5: 1162 daAuts
     D:3: 869 daAuts
     D:2: 771 daAuts
     D:4: 609 daAuts
     D:1: 541 daAuts
     D:8: 450 daAuts
     D:7: 369 daAuts
  Temple: 138 daAuts
